Map: Orbital Shipyard

Players

SkyBlaze

  • Race: Protoss Protoss
  • League: Platinum

TgfB - Winner!

  • Race: Protoss Protoss
  • League: Diamond

Event: Lycan League Weekly August #2

VOD

Have the link to the VOD?

Description

Time

  • Played on: Aug. 10, 2015, 12:29 p.m.
  • Length: 11:30

All games in this series

Show
View Real Time Build Order
Export as new Build Order

SkyBlaze Protoss 

Build Orders:  

Get SALT Encoding   

  12  0:01  Probe  
  14  0:18  Pylon  
  14  0:19  Probe  
  14  0:36  Probe (Chrono Boost)  
  15  0:47  Gateway  
  15  0:48  Probe (Chrono Boost), Assimilator  
  16  0:52  Assimilator  
  16  0:55  Probe (Chrono Boost)  
  17  1:05  Probe  
  18  1:11  Pylon  
  18  1:17  Probe  
  19  1:29  Probe  
  20  1:34  Cybernetics Core  
  20  1:41  Probe  
  21  1:53  Probe  
  22  2:12  Mothership Core (Chrono Boost), Stalker  
  22  2:14  Warp Gate (Chrono Boost)  
  26  2:26  Nexus  
  26  2:37  Probe  
  27  2:42  Stalker  
  29  2:50  Robotics Facility  
  29  2:57  Probe  
  30  3:20  Pylon  
  30  3:21  Pylon  
  30  3:38  Stalker (Chrono Boost), Observer (Chrono Boost)  
  33  3:51  Pylon  
  33  3:57  Immortal (Chrono Boost)  
  37  4:17  Stalker  
  37  4:33  Gateway  
  37  4:35  Immortal (Chrono Boost), Gateway  
  41  4:42  Gateway  
  41  4:43  Gateway  
  41  4:47  Twilight Council  
  41  4:55  Pylon  
  41  5:01  Probe  
  42  5:07  Observer (Chrono Boost)  
  42  5:10  Sentry  
  44  5:17  Probe (Chrono Boost)  
  44  5:18  Probe (Chrono Boost)  
  46  5:25  Immortal (Chrono Boost)  
  46  5:28  Probe (Chrono Boost)  
  51  5:32  Probe (Chrono Boost)  
  51  5:34  Probe (Chrono Boost)  
  53  5:37  Assimilator  
  53  5:42  Assimilator  
  50  5:54  Blink (Chrono Boost)  
  47  5:57  Probe x2 (Chrono Boost)  
  48  6:09  Probe x2 (Chrono Boost)  
  50  6:18  Probe x2 (Chrono Boost)  
  51  6:26  Probe x2  
  51  6:31  Stalker x2  
  57  6:38  Probe x2  
  57  6:47  Stalker x2  
  57  6:50  Probe x2  
  63  6:55  Pylon  
  63  6:58  Pylon  
  55  7:26  Pylon  
  55  7:39  Probe  
  56  7:46  Stalker x5  
  40  8:13  Stalker x3  
  40  8:14  Stalker x2  
  43  8:20  Probe x2 (Chrono Boost)  
  45  8:32  Probe x2 (Chrono Boost)  
  47  8:39  Probe x2 (Chrono Boost)  
  49  8:50  Probe (Chrono Boost)  
  42  9:00  Probe (Chrono Boost)  
  42  9:01  Probe (Chrono Boost)  
  44  9:08  Probe  
  44  9:10  Probe  
  45  9:20  Stalker x4, Probe (Chrono Boost)  
  55  9:24  Probe (Chrono Boost)  
  56  9:32  Probe (Chrono Boost)  
  56  9:34  Probe (Chrono Boost)  
  57  9:43  Probe (Chrono Boost)  
  57  9:45  Probe (Chrono Boost)  
  59  9:52  Templar Archives  
  60  9:54  Probe (Chrono Boost)  
  60  9:55  Probe (Chrono Boost)  
  60  9:56  Observer (Chrono Boost)  
  54  10:09  Probe  
  56  10:14  Observer  
  56  10:25  Probe (Chrono Boost)  
  57  10:33  Probe (Chrono Boost)  
  58  10:40  Nexus, High Templar x2  
  58  10:41  Mothership Core (Chrono Boost), High Templar  
  66  10:47  Stalker  
  62  11:05  Archon  
  62  11:07  High Templar  
  61  11:13  Probe  
  61  11:16  Probe, Assimilator  
  63  11:21  Assimilator  
Show
View Real Time Build Order
Export as new Build Order

TgfB Protoss - Winner!

Build Orders:  

Get SALT Encoding   

  12  0:01  Probe  
  13  0:13  Probe  
  14  0:18  Pylon  
  14  0:36  Probe (Chrono Boost)  
  14  0:38  Gateway  
  15  0:47  Probe (Chrono Boost)  
  16  0:51  Assimilator  
  16  0:53  Probe (Chrono Boost)  
  17  1:05  Probe  
  17  1:10  Gateway  
  18  1:12  Assimilator  
  18  1:19  Probe (Chrono Boost)  
  18  1:25  Cybernetics Core  
  19  1:31  Probe (Chrono Boost)  
  20  1:34  Pylon  
  20  1:38  Probe (Chrono Boost)  
  21  1:48  Probe  
  22  2:00  Probe  
  23  2:02  Adept (Chrono Boost)  
  23  2:03  Warp Gate (Chrono Boost)  
  27  2:09  Adept (Chrono Boost)  
  27  2:14  Pylon  
  27  2:16  Mothership Core  
  29  2:32  Adept (Chrono Boost)  
  33  2:39  Adept (Chrono Boost)  
  33  2:43  Probe  
  34  2:49  Twilight Council  
  34  2:52  Adept  
  34  2:53  Pylon  
  36  3:03  Stalker  
  38  3:11  Probe  
  39  3:24  Probe, Robotics Facility  
  40  3:52  Nexus  
  40  4:03  Probe, Pylon  
  39  4:10  Stargate  
  39  4:16  Probe  
  40  4:19  Observer  
  41  4:25  Shield Upgrade  
  41  4:32  Probe  
  42  4:41  Assimilator  
  42  4:44  Probe  
  43  4:45  Assimilator  
  43  4:53  Phoenix (Chrono Boost)  
  43  4:59  Probe (Chrono Boost)  
  46  5:04  Probe (Chrono Boost)  
  47  5:09  Stargate  
  47  5:13  Probe (Chrono Boost)  
  47  5:14  Probe (Chrono Boost)  
  49  5:20  Phoenix  
  53  5:21  Probe (Chrono Boost)  
  53  5:26  Probe (Chrono Boost)  
  53  5:32  Probe (Chrono Boost)  
  55  5:36  Probe (Chrono Boost)  
  55  5:39  Probe (Chrono Boost)  
  55  5:41  Pylon  
  56  5:45  Phoenix  
  60  5:50  Probe x2 (Chrono Boost)  
  56  5:57  Blink  
  56  6:02  Immortal (Chrono Boost)  
  56  6:04  Probe  
  59  6:10  Phoenix (Chrono Boost)  
  61  6:13  Pylon  
  61  6:15  Phoenix (Chrono Boost)  
  63  6:19  Sentry  
  63  6:22  Adept  
  67  6:26  Probe x2  
  67  6:32  Forge  
  69  6:41  Pylon  
  69  6:42  Immortal  
  73  6:48  Pylon  
  73  6:51  Adept x2  
  77  6:58  Pylon  
  77  7:01  Pylon  
  77  7:03  Phoenix  
  79  7:09  Phoenix  
  81  7:21  Protoss Ground Weapons Level 1 (Chrono Boost)  
  80  7:24  Immortal  
  80  7:25  Sentry, Adept  
  80  7:26  Pylon  
  88  7:40  Photon Cannon  
  88  7:41  Probe x2  
  90  7:44  Photon Cannon  
  90  8:00  Sentry, Zealot  
  90  8:06  Immortal  
  92  8:22  Adept  
  92  8:23  Adept  
  92  8:26  Phoenix x2  
  100  8:28  Pylon  
  100  8:36  Nexus  
  98  9:06  Adept x2  
  102  9:12  Gateway  
  102  9:13  Gateway  
  102  9:15  Protoss Ground Weapons Level 2 (Chrono Boost)  
  102  9:16  Pylon  
  102  9:18  Robotics Bay, Robotics Facility  
  102  9:22  Assimilator  
  102  9:23  Probe  
  103  9:27  Probe, Assimilator  
  104  9:35  Immortal  
  106  9:43  Pylon  
  104  9:46  Adept  
  104  9:49  Probe  
  104  9:50  Probe  
  108  10:12  Disruptor  
  114  10:15  Disruptor  
  114  10:19  Photon Cannon  
  114  10:20  Probe x3  
  114  10:21  Pylon  
  117  10:30  Gravitic Drive  
  117  10:32  Probe  
  117  10:33  Adept x2  
  117  10:34  Adept  
  124  10:44  Pylon  
  124  10:54  Pylon  
  124  11:13  Adept x2  
  124  11:14  Adept x2  
  144  11:22  Pylon  

Tags
 
Add a new tag
Caveats
  • Supply blocks, unpowered buildings, or Contaminate may cause inaccurate times.
  • Supply counts are checked every 10 seconds.